 Dungeon Crawl Stone Soup version 0.19-a0-1851-g3228ea0 (webtiles) character file.

822 Alarkh the Magician (level 7, -1/46 HPs)
             Began as a Mummy Fire Elementalist on Oct 10, 2016.
             Was an Initiate of Okawaru.
             Killed from afar by Sigmund (10 damage)
             ... with a puff of flame
             ... on level 2 of the Dungeon.
             The game lasted 00:09:07 (4727 turns).

Alarkh the Magician (Mummy Fire Elementalist)       Turns: 4727, Time: 00:09:09

Health: -1/46      AC:  7    Str: 11    XL:     7   Next: 63%
Magic:  11/14      EV: 12    Int: 16    God:    Okawaru [......]
Gold:   144        SH:  0    Dex: 19    Spells: 3 memorised, 7 levels left

rFire  x . .     SeeInvis .     a - +2 spear (venom)
rCold  + + .     Gourm    .     o - +0 robe
rNeg   + + +     Faith    .     (no shield)
rPois  ∞         Spirit   .     c - +0 helmet
rElec  .         Dismiss  .     (no cloak)
rCorr  .         Reflect  .     g - +0 pair of gloves
MR     .....     Harm     .     w - +2 pair of boots
Stlth  ++........               (no amulet)
                                r - +6 ring of dexterity
                                p - ring of protection from cold

@: very slightly contaminated
A: no food or potions, fire vulnerability, cold resistance 1, negative energy
resistance 3, torment resistance, unbreathing
a: Renounce Religion


You were on level 2 of the Dungeon.
You worshipped Okawaru.
Okawaru was noncommittal.
You were not hungry.

You visited 2 branches of the dungeon, and saw 7 of its levels.

You collected 256 gold pieces.
You spent 112 gold pieces at shops.

Inventory:

Hand Weapons
 a - a +2 spear of venom (weapon)
 b - a +3 scimitar of flaming
 f - a -1 dagger
Armour
 c - a +0 helmet (worn)
 g - a +0 pair of gloves (worn)
 o - a +0 robe (worn)
 w - a +2 pair of boots (worn)
Rods
 v - a -3 rod of inaccuracy (12/12)
   (You found it on level 3 of the Dungeon)
Jewellery
 h - an uncursed amulet of dismissal
 p - a ring of protection from cold (left hand)
 r - a +6 ring of dexterity (right hand)
Wands
 t - a wand of paralysis (10/24)
 u - a wand of confusion (12/48)
 x - a wand of enslavement (19/24)
Scrolls
 d - a scroll of recharging {unknown}
 e - a scroll of identify
 i - 2 scrolls of noise {unknown}
 j - a scroll of enchant weapon {unknown}
 k - a scroll of magic mapping {unknown}
 l - a scroll of remove curse
 m - 2 scrolls of amnesia
 n - a scroll of random uselessness
 s - 3 scrolls of teleportation {unknown}
 y - a scroll of immolation {unknown}
 z - 3 scrolls of silence {unknown}
Books
 q - a book of Flames

   Spells                             Type                      Level
   a - Flame Tongue                   Conjuration/Fire             1
   b - Throw Flame                    Conjuration/Fire             2
   c - Conjure Flame                  Conjuration/Fire             3
   d - Inner Flame                    Hexes/Fire                   3
   e - Sticky Flame                   Conjuration/Fire             4
   f - Fireball                       Conjuration/Fire             5


   Skills:
 * Level 0.7 Long Blades
 - Level 1.5 Dodging
 - Level 1.5 Stealth
 + Level 4.9 Spellcasting
 + Level 3.9 Conjurations
 + Level 4.8 Fire Magic


You had 7 spell levels left.
You knew the following spells:

 Your Spells              Type           Power        Failure   Level  Hunger
a - Flame Tongue          Conj/Fire      ###..        2%          1    N/A
b - Conjure Flame         Conj/Fire      ###.....     10%         3    N/A
c - Sticky Flame          Conj/Fire      ###.....     28%         4    N/A

Dungeon Overview and Level Annotations

Branches:
Dungeon (6/15)             Temple (1/1) D:6

Altars:
Ashenzari
Cheibriados
Dithmenos
Elyvilon
Fedhas
Gozag
Hepliaklqana
Kikubaaqudgha
Makhleb
Nemelex Xobeh
Okawaru
Qazlal
Ru
Sif Muna
Trog
Uskayaw
Vehumet
Xom
Zin
The Shining One

Shops:
D:5 (

Annotations:
D:2 Sigmund
D:6 Pikel


Innate Abilities, Weirdness & Mutations

You do not eat or drink.
Your flesh is vulnerable to fire.
You are immune to poison.
Your flesh is cold resistant. (rC+)
You are immune to negative energy. (rN+++)
You are immune to unholy pain and torment.
You can survive without breathing.


Message History

Confirm with . or Enter, or press ? or * to list all spells.
Aiming: Flame Tongue
Press: ? - help, Shift-Dir - straight line, f/p - Sigmund
Aim: Sigmund, wielding a scythe of slicing and wearing an embroidered robe (heavily wounded, poisoned)
The flame tongue misses Sigmund.
Sigmund hits you from afar with a scythe of slicing!
Casting: Flame Tongue
Confirm with . or Enter, or press ? or * to list all spells.
Aiming: Flame Tongue
Press: ? - help, Shift-Dir - straight line, f/p - Sigmund
Aim: Sigmund, wielding a scythe of slicing and wearing an embroidered robe (heavily wounded, poisoned)
The flame tongue hits Sigmund.
Sigmund is heavily wounded.
Sigmund hits you with a scythe of slicing!
* * * LOW HITPOINT WARNING * * *
x2 You hit Sigmund.
Sigmund looks as sick as possible!
Sigmund is severely wounded.
Sigmund gestures at you while chanting. The puff of flame hits you!
The fire burns you terribly!
You die...

.## #........................# #
..# #...)...........###...#### #
..# #...)...........# ###...####
..####.......[......## #.....!.
.........).........## #...###.
..................## #...####
................... .........
..###....#.##..@#### ###...####
#####.#....##.#.@..## #...#
#............###..# #...#
##.##.........####.# #### #..
#.........)###.#############
##.###...........................
............................#####
......#####.##..###....)....#
.[†...# #.##....%.#.......#
......# #.####.##.........#


You could see Sigmund.

Vanquished Creatures
  The ghost of Tux the Chiller, an amateur FeIE of Sif Muna (D:5)
  A phantom (D:5)
  2 ogres (D:4)
  A hound (D:4)
  A jelly (D:5)
  3 orc wizards
  5 worker ants
  4 adders
  2 oozes
  2 worms
  4 dart slugs
  3 leopard geckos (D:5)
  25 orcs
  A ball python (D:6)
  6 bats
  6 giant cockroaches
  7 goblins
  6 hobgoblins
  A quokka (D:5)
  6 frilled lizards
  7 kobolds
  4 rats
98 creatures vanquished.

Notes
Turn   | Place    | Note
-------+----------+-------------------------------------------
     0 | D:1      | Alarkh the Mummy Fire Elementalist began the quest for the Orb.
     0 | D:1      | Reached XP level 1. HP: 13/13 MP: 3/3
   476 | D:1      | Reached XP level 2. HP: 19/19 MP: 1/5
   920 | D:1      | Reached skill level 1 in Conjurations
  1204 | D:2      | Reached XP level 3. HP: 13/24 MP: 0/6
  1209 | D:2      | Learned a level 3 spell: Conjure Flame
  1256 | D:2      | Noticed Sigmund
  1437 | D:2      | Found a stormy altar of Qazlal.
  1437 | D:2      | Found a white marble altar of Elyvilon.
  1777 | D:3      | Found a glowing golden altar of the Shining One.
  2013 | D:3      | Reached XP level 4. HP: 29/30 MP: 1/8
  2062 | D:3      | Identified a -3 rod of inaccuracy (12/12) (You found it on level 3 of the Dungeon)
  2646 | D:4      | Noticed an ogre
  2654 | D:4      | Killed an ogre
  2654 | D:4      | Reached XP level 5. HP: 35/35 MP: 5/10
  2758 | D:4      | Reached XP level 6. HP: 27/41 MP: 8/11
  3370 | D:5      | Entered Level 5 of the Dungeon
  3404 | D:5      | Noticed Tux's ghost (amateur FeIE)
  3422 | D:5      | Found Maeleess's Antique Weapon Shop.
  3427 | D:5      | Bought a runed scimitar for 112 gold pieces
  3473 | D:5      | Killed Tux's ghost
  3473 | D:5      | Reached XP level 7. HP: 46/46 MP: 0/13
  3875 | D:5      | Learned a level 4 spell: Sticky Flame
  4107 | D:6      | Found a staircase to the Ecumenical Temple.
  4119 | Temple   | Entered the Ecumenical Temple
  4312 | Temple   | Became a worshipper of Warmaster Okawaru
  4353 | D:6      | Noticed Pikel
  4727 | D:2      | Killed from afar by Sigmund

Vault maps used:
D:1:      matt_arrival_debris
D:2:      gammafunk_temple_overflow_wave, uniq_sigmund
D:3:      minmay_misc_feat_doors, tso_metal_star
D:4:      first_bread
D:5:      serial_glass, glass_columns_a, glass_columns_a, glass_columns_c,
          glass_columns_a, glass_columns_a, serial_shops, kennysheep_little_box
D:6:      kennysheep_kobold_camp, serial_shops,
          nicolae_shop_competitors_out_of_business, kennysheep_mini_moat, shop,
          hangedman_decor_clover_reticule, minmay_checkerbox, uniq_menkaure,
          uniq_pikel
Temple:   eino_narrow_crystal_temple

Skill      XL: |  1  2  3  4  5  6 |
---------------+-------------------+-----
Conjurations   | 1 2 3 |  3.9
Fire Magic     | 3 4 |  4.8
Spellcasting   | 3 4 |  4.9
Long Blades    | |  0.7
Dodging        | |  1.5
Stealth        | |  1.5

Action                   |  1- 3 |  4- 6 |  7- 9 || total
-------------------------+-------+-------+-------++-------
Melee: Dagger            |    24 |       |       ||    24
       Spear             |     6 |    69 |    60 ||   135
       Scimitar          |       |       |     7 ||     7
 Cast: Flame Tongue      |    78 |    28 |    20 ||   126
       Conjure Flame     |       |     5 |       ||     5
  Use: Scroll            |     1 |     2 |       ||     3
 Stab: Sleeping          |     1 |     2 |     2 ||     5
       Distracted        |       |       |     2 ||     2
Armor: Robe              |    21 |     5 |    18 ||    44
Dodge: Dodged            |    46 |    26 |    37 ||   109
